 Dungeon Crawl Stone Soup version 0.30-b1-2-g02819fbbbe (webtiles) character file.

Game seed: 14547147777313480701

10 Alarkh the Shooter (level 2, 22/22 HPs)
             Began as a Demonspawn Hunter on May 25, 2023.
             Got out of the dungeon alive.
             The game lasted 00:00:12 (153 turns).

Alarkh the Shooter (Demonspawn Hunter)               Turns: 153, Time: 00:00:13

Health: 22/22      AC:  3    Str: 11    XL:     2   Next: 10%
Magic:  2/2        EV: 12    Int: 10    God:
Gold:   4          SH:  0    Dex: 18    Spells: 1/1 levels left

rFire   . . .        a - +0 shortbow
rCold   . . .        (shield currently unavailable)
rNeg    . . .        c - +0 leather armour
rPois   .            (no helmet)
rElec   .            (no cloak)
rCorr   .            (no gloves)
SInv    .            (no boots)
Will    .....        (no amulet)
Stlth   +++          (no ring)
HPRegen 0.23/turn    (no ring)
MPRegen 0.08/turn

%: no passive effects
@: no status effects
A: thin skeletal structure 1
a: no special abilities


You escaped.
You visited 1 branch of the dungeon, and saw 1 of its levels.

You collected 4 gold pieces.

Inventory:

Hand Weapons
 a - a +0 shortbow (weapon)
Armour
 c - a +0 leather armour (worn)
Scrolls
 b - a scroll of immolation
 d - 3 scrolls of identify {unknown}
Potions
 e - 2 potions of heal wounds {unknown}


   Skills:
 - Level 2.0 Fighting
 + Level 4.1 Ranged Weapons
 - Level 1.7 Dodging
 - Level 0.8 Stealth


You had one spell level left.
You didn't know any spells.
Your spell library was empty.

Dungeon Overview and Level Annotations

Branches:
Dungeon (1/15)

Altars:


Innate Abilities, Weirdness & Mutations

You have a somewhat thin skeletal structure. (Dex +2, Stealth+)


Message History

The dart slug launches a dart at you. The slug dart misses you.
You shoot an arrow. The arrow hits the dart slug!
You kill the dart slug!
Things that are here:
a dart slug corpse; a ball python corpse HP restored.
e - 2 puce potions
Things that are here:
a rat corpse; a hobgoblin corpse
Found a stone staircase leading down.
There is a stone staircase leading down here.
Found an escape hatch in the floor.
A ball python comes into view.
The ball python hisses angrily.
A ball python is nearby!
You shoot an arrow. The arrow hits the ball python!
You kill the ball python!
Your Ranged Weapons skill increases to level 4!
No target in view!
A quokka comes into view.
A quokka is nearby!
You shoot an arrow. The arrow hits the quokka.
The quokka is almost dead.
You shoot an arrow. The arrow hits the quokka.
You kill the quokka!
You have reached level 2!
Your demonic ancestry asserts itself...
Your bones become slightly less dense.
A goblin comes into view. It is wielding a +0 dagger.
You shoot an arrow. The arrow hits the goblin!
You kill the goblin!
No target in view!
No target in view!
Things that are here:
a rat corpse; a hobgoblin corpse You see here 7 stones.
There is a staircase leading out of the dungeon here.
Are you sure you want to leave the Dungeon?
This will make you lose the game!
You have escaped!

.††# ##.# #.###
##...## ..##..####
..###....## ..#
#.#...# #########
..#
#.(...###...8...##
..#
###...##..8.@.8..##
###
#...#8.........8#
#......8..(..8....
#...#8.........8#.
#...##..8...8..##
#...###...8...##
#...# #########
#..## ####


There were no monsters in sight!

Vanquished Creatures
  A dart slug (D:1)
  A goblin (D:1)
  A hobgoblin (D:1)
  A quokka (D:1)
  3 ball pythons (D:1)
  A rat (D:1)
8 creatures vanquished.

Notes
Turn   | Place    | Note
-------+----------+-------------------------------------------
     0 | D:1      | Alarkh the Demonspawn Hunter began the quest for the Orb.
     0 | D:1      | Reached XP level 1. HP: 16/16 MP: 1/1
    84 | D:1      | Reached skill level 4 in Ranged Weapons
    96 | D:1      | Gained mutation: You have a somewhat thin skeletal
                  | structure. (Dex +2, Stealth+) [demonic ancestry]
    96 | D:1      | Reached XP level 2. HP: 22/22 MP: 2/2
   153 | D:$      | Got out of the dungeon alive.

Illustrated notes

Levels and vault maps discovered:
D:1:      erik_arrival_orb_chamber, layout_basic,
          dreamdust_ecumenical_altar_grove

Skill      XL: |  1 |
---------------+----+-----
Ranged Weapons | 4 |  4.1
Fighting       | |  2.0
Dodging        | |  1.7
Stealth        | |  0.8

Action                     || total
---------------------------++-------
   Fire: Shortbow          ||    16
 Armour: Leather armour    ||     5
  Dodge: Dodged            ||     6
